Match 45884028
Unlisted

Match 45884028
End
Selects Italian Combined Arms Battlegroup
Selects Bersaglieri Squad
Bersaglieri Squad
Panzerpioneer Squad
Bersaglieri Squad
Bersaglieri Squad
Construct Light Support Kompanie
2.5-tonne Medical Truck
Fire Support Elements
Selects Bersaglieri Bolster
Veteran Squad Leaders
Construct Mechanized Kompanie
Panzerjäger Mechanized Group
Selects Breda Model 30 Light Machine Guns
254 Reconnaissance Tractor
Marder III Tank Destroyer
【嗜血狼族】灵狐魅儿
想吃豆芽菜
likewind3
pingping
Jm200092
dbswo0927
Mad
Karl123
0
0

Comments sign in to comment!

No comments posted yet!